 Dungeon Crawl Stone Soup version 0.31-a0-355-g57cb03d3e8 (webtiles) character file.

Game seed: 10400567590939219242

234 Newt the Changeling (level 5, -7/61 HPs)
             Began as a Demonspawn Shapeshifter on July 24, 2023.
             Shot with an arrow by a centaur (8 damage)
             ... on level 5 of the Dungeon.
             The game lasted 00:04:29 (3211 turns).

Newt the Changeling (Demonspawn Shapeshifter)       Turns: 3211, Time: 00:04:30

Health: -7/61      AC:  6    Str: 15    XL:     5   Next: 75%
Magic:  5/5        EV: 12    Int: 22    God:
Gold:   256        SH:  5    Dex: 13    Spells: 4/4 levels left

rFire   . . .        p - +5 flail of Igheog {heavy, Str-3 Int+7}
rCold   . . .        (no shield)
rNeg    . . .        a - +1 animal skin
rPois   .            (no helmet)
rElec   .            (no cloak)
rCorr   +            f - +0 pair of gloves
SInv    .            (no boots)
Will    .....        m - amulet of reflection Stlth
                     h - +6 ring of intelligence
HPRegen 0.30/turn    n - ring of resist corrosion
MPRegen 0.09/turn

%: reflection
@: berserking, lethally poisoned (-7 -> -10), very quick
A: molten scales 1, demonic magic 2
a: no special abilities


You were on level 5 of the Dungeon.
You visited 1 branch of the dungeon, and saw 5 of its levels.

You collected 256 gold pieces.

Inventory:

Hand Weapons
 p - the +5 flail of Igheog (weapon) {heavy, Str-3 Int+7}
   (You found it on level 3 of the Dungeon)

   Str:       It affects your strength (-3).
   Int:       It affects your intelligence (+7).
Missiles
 e - 4 javelins
Armour
 a - a +1 animal skin (worn)
 f - a +0 pair of gloves (worn)
Jewellery
 h - a +6 ring of intelligence (left hand)
 m - an amulet of reflection (around neck)
 n - a ring of resist corrosion (right hand)
Talismans
 c - a beast talisman
Scrolls
 g - a scroll of immolation
 k - 2 scrolls of vulnerability
Potions
 b - 2 potions of lignification
 i - 2 potions of mutation
 j - a potion of heal wounds
 l - 2 potions of attraction
 o - a potion of haste {unknown}
 q - 2 potions of degeneration
 r - a potion of berserk rage


   Skills:
 - Level 3.0 Fighting
 + Level 2.6 Maces & Flails
 - Level 1.7 Dodging
 - Level 2.6 Unarmed Combat
 - Level 4.0 Shapeshifting


You had 4 spell levels left.
You didn't know any spells.
Your spell library contained the following spells:

 Spells                   Type           Power      Damage    Failure   Level
 Frozen Ramparts          Ice            0%         1d1       45%         3
 Petrify                  Tmut/Erth      0%         N/A       86%         4
 Iskenderun's Battlesphe  Conj           0%         2d6       99%         5
 Metabolic Englaciation   Hex/Ice        0%         N/A       99%         5
 Leda's Unmaking          Conj/Erth      0%         9d1       100%        6
 Spellforged Servitor     Conj/Summ      0%         N/A       100%        7


Dungeon Overview and Level Annotations

Branches:
Dungeon (5/15)
 Temple: D:4-7

Altars:
Xom

Annotations:
D:5 Ijyb


Innate Abilities, Weirdness & Mutations

You are partially covered in molten scales. (AC +2)
Spells you cast may paralyse nearby enemies.


Message History

You kill the gnoll!
The gnoll closely misses you. The gnoll barely misses you.
Ijyb zaps a wand.
The puff of flame misses you. The gnoll hits you with a +0 club.
The gnoll hits you from afar with a +0 spear.
A centaur comes into view.
Unknown command.
Unknown command.
As you read the scroll of fog, it dissolves into smoke.
You hear the slow rusting of a very distant drain.
The gnoll hits you but does no damage. The gnoll closely misses you.
Ijyb misses you. The gnoll attacks as you move away!
The gnoll barely misses you. Ijyb attacks as you move away!
Ijyb hits you but does no damage.
You are poisoned.
You feel very sick. Ijyb attacks as you move away! Ijyb closely misses you.
A worm comes into view.
You feel sick.
A gnoll bouda comes into view. It is wielding a +0 club.
Ijyb zaps a wand.
The puff of flame hits you!
* * * LOW HITPOINT WARNING * * *
The gnoll attacks as you move away! The gnoll barely misses you.
* * * LOW HITPOINT WARNING * * *
You feel sick.
The centaur shouts!
The gnoll bouda shouts!
You hear a shout!
The centaur wields a +0 shortbow.
The centaur shoots an arrow.
You block the arrow with an invisible shield... and reflect it back!
The arrow hits the centaur!
It was a potion of berserk rage.
A red film seems to cover your vision as you go berserk!
You feel yourself moving faster!
You feel mighty!
You feel sick. The gnoll closely misses you.
The gnoll bouda barks out a call to the hunt!
The gnoll picks up the pace!
You block the gnoll's attack.
Ijyb zaps a wand.
The puff of flame hits you.
* * * LOW HITPOINT WARNING * * *
You bludgeon the gnoll!!
You kill the gnoll!
* * * LOW HITPOINT WARNING * * *
You feel sick.
The centaur shoots an arrow.
The arrow hits you!
You die...

...####...## ..##
##...## ..# ##...## ..#
##...## ..## ##§§§##
gg.# ##§§§## g.J##
##§gg# ....## #§g§##
.....########§§§@#
.............§......#
...........c.........#
......................#
....?................##
.......................
..........g.............
.....................w..
.............


You could see Ijyb, a centaur, a gnoll bouda, a worm and 2 gnolls.

Vanquished Creatures
  A jelly (D:5)
  A hound (D:4)
  An orc wizard (D:4)
  2 gnolls (D:5)
  4 adders
  A white imp (D:3)
  A worm (D:2)
  A dart slug (D:2)
  7 orcs
  7 ball pythons
  5 endoplasms
  5 giant cockroaches
  5 goblins
  11 hobgoblins
  3 jackals (D:4)
  6 kobolds
  6 quokkas
  3 bats
  2 frilled lizards
  3 goblin skeletons (D:3)
  2 hobgoblin zombies (D:3)
  A kobold zombie (D:3)
  2 orc skeletons (D:3)
  3 orc zombies (D:3)
  A rat (D:1)
84 creatures vanquished.

Notes
Turn   | Place    | Note
-------+----------+-------------------------------------------
     0 | D:1      | Newt the Demonspawn Shapeshifter began the quest for the
                  | Orb.
     0 | D:1      | Reached XP level 1. HP: 15/15 MP: 1/1
   272 | D:1      | Found a faded altar of an unknown god.
   284 | D:1      | Reached skill level 3 in Shapeshifting
   351 | D:1      | Gained mutation: You are partially covered in molten
                  | scales. (AC +2) [demonic ancestry]
   351 | D:1      | Reached XP level 2. HP: 9/21 MP: 2/2
   855 | D:2      | Gained mutation: Spells you cast may paralyse adjacent
                  | enemies. [demonic ancestry]
   855 | D:2      | Reached XP level 3. HP: 26/26 MP: 3/3
  1501 | D:3      | Reached skill level 4 in Shapeshifting
  1511 | D:3      | Gained mutation: Spells you cast may paralyse nearby
                  | enemies. [demonic ancestry]
  1511 | D:3      | Reached XP level 4. HP: 18/32 MP: 4/4
  1708 | D:3      | Identified the +5 flail of Igheog {heavy, Str-3 Int+7}
  2329 | D:4      | Reached XP level 5. HP: 41/41 MP: 5/5
  2393 | D:4      | Found a shimmering altar of Xom.
  2395 | D:4      | Found a burning altar of Makhleb.
  2395 | D:4      | Found an ancient bone altar of Kikubaaqudgha.
  2397 | D:4      | Found an ornate altar of the Wu Jian Council.
  2397 | D:4      | Found a shimmering altar of Xom.
  2397 | D:4      | Found a burning altar of Makhleb.
  2502 | D:4      | Identified the +3 rapier "Spiderslayer" {holy, rElec Will+}
  2903 | D:4      | Reached skill level 1 in Maces & Flails
  3116 | D:5      | Entered Level 5 of the Dungeon
  3175 | D:5      | Noticed Ijyb
  3205 | D:5      | Noticed a centaur
  3210 | D:5      | HP: 1/61 [Ijyb/puff of flame (6)]
  3211 | D:5      | Shot with an arrow by a centaur

Illustrated notes

Levels and vault maps discovered:
D:1:      matt_arrival_spirals, layout_rooms, basic_ecumenical_altar
D:2:      layout_rooms, st_stairs_7
D:3:      layout_loops_ring, nicolae_tso_besieged_by_evil, minmay_misc_feat_chi
D:4:      layout_loops_corners, doesnt_xom_only_xom
D:5:      layout_layer_cave, nicolae_gozag_seed_capital, portal_sewer_entry_e,
          uniq_grinder, uniq_ijyb, uniq_sigmund, uniq_blork_the_orc

Skill      XL: |  1  2  3  4  5 |
---------------+----------------+-----
Shapeshifting  | 3 4 |  4.0
Fighting       | 3 |  3.0
Maces & Flails | 2 |  2.6
Dodging        | |  1.7
Unarmed Combat | |  2.6

Action                     |  1- 3 |  4- 6 || total
---------------------------+-------+-------++-------
  Melee: Unarmed           |   186 |    38 ||   224
         Punch             |     1 |     2 ||     3
         Flail             |       |    65 ||    65
  Throw: Javelin           |       |     2 ||     2
    Use: Scroll            |     8 |     3 ||    11
         Potion            |       |     1 ||     1
   Stab: Sleeping          |     2 |       ||     2
 Armour: Animal skin       |    45 |    32 ||    77
  Dodge: Dodged            |    91 |    81 ||   172
  Block: Other             |     3 |    34 ||    37
         Reflection        |       |     2 ||     2
         Form:             |     1 |       ||     1

Table legend: (Time is in decaauts)
 A = Elapsed time spent in this place.
 B = Non-inter-level travel time spent in this place.
 C = Inter-level travel time spent in this place.
 D = Time resting spent in this place.
 E = Time spent auto-exploring this place.
 F = Levels seen in this place.
 G = Mean time per level.
                   A        B        C        D        E       F      G
               +--------+--------+--------+--------+--------+-----+--------+
         Total |   3265 |   3105 |    160 |     54 |   2363 |   5 |  653.0 |
       Dungeon |   3265 |   3105 |    160 |     54 |   2363 |   5 |  653.0 |
               +--------+--------+--------+--------+--------+-----+--------+

Top non-repeatable levels by time:
     D:4: 1070 daAuts
     D:3: 826 daAuts
     D:1: 767 daAuts
     D:2: 494 daAuts
     D:5: 105 daAuts
